 Dungeon Crawl Stone Soup version 0.17.1-2-g5865329 (webtiles) character file.

231 Mysteryquy the Magician (level 5, -1/28 HPs)
             Began as a Deep Elf Ice Elementalist on Jan 11, 2016.
             Slain by Gargoyl's ghost (6 damage)
             ... on level 4 of the Dungeon.
             The game lasted 00:09:16 (3797 turns).

Mysteryquy the Magician (Deep Elf Ice Elementalist) Turns: 3797, Time: 00:09:16

Health: -1/28      AC:  4    Str:  5    XL:     5   Next: 72%
Magic:  0/15       EV: 13    Int: 21    God:
Gold:   243        SH:  0    Dex: 15    Spells: 2 memorised, 12 levels left

rFire  . . .     SeeInvis .     s - -1 whip (curse)
rCold  . . .     Clarity  .     a - +0 robe
rNeg   . . .     SustAt   .     (no shield)
rPois  .         Gourm    .     r - +1 helmet
rElec  .         Spirit   .     (no cloak)
rCorr  .         Warding  .     (no gloves)
rMut   .         Stasis   .     (no boots)
MR     .....                    (no amulet)
Stlth  ++........               (no ring)
                                (no ring)

@: not resistant to hostile enchantments, unstealthy
A: no striking features
a: no special abilities


You were on level 4 of the Dungeon.
You were hungry.

You visited 1 branch of the dungeon, and saw 4 of its levels.

You collected 243 gold pieces.

Inventory:

Hand Weapons
 d - a +0 dagger of flaming
 s - a cursed -1 whip (weapon)
Armour
 a - a +0 robe (worn)
 j - a +2 buckler
 r - a +1 helmet (worn)
Jewellery
 e - an uncursed ring of protection from magic {unknown}
 y - a cursed ring of loudness {unknown}
 z - an uncursed ring of poison resistance {unknown}
Scrolls
 g - a scroll of remove curse {unknown}
 h - a scroll of blinking {unknown}
 i - a scroll of enchant weapon {unknown}
 k - a scroll of teleportation {unknown}
 m - 4 scrolls of identify {unknown}
 o - a scroll of amnesia {unknown}
 x - a scroll of magic mapping {unknown}
Potions
 f - a potion of heal wounds {unknown}
 n - a potion of haste {unknown}
 p - 2 potions of curing {unknown}
 v - 2 potions of flight {unknown}
 w - a potion of berserk rage {unknown}
Books
 b - a book of Frost

   Spells                             Type                      Level
   a - Freeze                         Ice                          1
   b - Throw Frost                    Conjuration/Ice              2
   c - Ozocubu's Armour               Charms/Ice                   3
   d - Throw Icicle                   Conjuration/Ice              4
   e - Summon Ice Beast               Ice/Summoning                4
   f - Condensation Shield            Ice                          4
 t - a book of Minor Magic

   Spells                             Type                      Level
   a - Magic Dart                     Conjuration                  1
   b - Blink                          Translocation                2
   c - Call Imp                       Summoning                    2
   d - Repel Missiles                 Charms/Air                   2
   e - Slow                           Hexes                        2
   f - Conjure Flame                  Conjuration/Fire             3
   g - Mephitic Cloud                 Conjuration/Poison/Air       3
 u - a book of Party Tricks

   Spells                             Type                      Level
   a - Summon Butterflies             Summoning                    1
   b - Apportation                    Translocation                1
   c - Tukima's Dance                 Hexes                        3
   d - Alistair's Intoxication        Transmutation/Poison         4
   e - Invisibility                   Hexes                        6
Comestibles
 c - 3 bread rations
 l - a beef jerky
 q - a meat ration


   Skills:
 + Level 0.1 Fighting
 + Level 0.2 Short Blades
 - Level 2.4 Dodging
 - Level 2.4 Stealth
 - Level 0.2 Shields
 + Level 5.9 Spellcasting
 + Level 1.1 Conjurations
 + Level 5.5 Ice Magic


You had 12 spell levels left.
You knew the following spells:

 Your Spells              Type           Power        Failure   Level  Hunger
a - Freeze                Ice            ####         1%          1    None
b - Throw Frost           Conj/Ice       ###...       4%          2    None


Dungeon Overview and Level Annotations

Branches:
Dungeon (4/15)
 Temple: D:4-7

Altars:
Elyvilon
Okawaru
The Shining One

Annotations:
D:3 Grinder
D:4 Gargoyl's ghost, amateur DsAK


Message History

Casting: Freeze
Confirm with . or Enter, or press ? or * to list all spells.
Aiming: Freeze
Press: ? - help, Shift-Dir - straight line, f/p - Gargoyl's ghost
Aim: Gargoyl's ghost (severely damaged)
You freeze Gargoyl's ghost.
Gargoyl's ghost is almost destroyed.
Gargoyl's ghost hits you!
* * * LOW HITPOINT WARNING * * *
Gargoyl's ghost is nearby!
Casting: Freeze
Confirm with . or Enter, or press ? or * to list all spells.
Aiming: Freeze
Press: ? - help, Shift-Dir - straight line, f/p - Gargoyl's ghost
Aim: Gargoyl's ghost (severely damaged)
You freeze Gargoyl's ghost.
Gargoyl's ghost is almost destroyed.
Gargoyl's ghost takes a fighting stance.
Gargoyl's ghost hits you.
You die...

### ..!..#.# ..... ...#
#... ..# .
######.######.######
...##.........#.........
..............#.#.#...
...#.#@.#....#.#.#.####
.......W..............>.
.#....##.#.#....#.#.###.
................#.#.# #.
####.##.#..##...#.#.# #.
......#..##...#.#.# #.
##....#..###..#.#.# #.
..............#.#.# #.
......##..###.##.### #.


You could see Gargoyl's ghost.

Vanquished Creatures
  2 orc wizards (D:3)
  6 adders
  2 oozes
  5 worms
  5 giant geckos
  13 orcs
  10 bats
  3 giant cockroaches
  7 hobgoblins
  3 quokkas
  A giant gecko skeleton (D:4)
  A giant newt (D:3)
  4 goblins
  16 jackals
  6 kobolds
  8 rats
92 creatures vanquished.

Notes
Turn   | Place    | Note
--------------------------------------------------------------
     0 | D:1      | Mysteryquy the Deep Elf Ice Elementalist began the quest for the Orb.
     0 | D:1      | Reached XP level 1. HP: 10/10 MP: 6/6
   203 | D:1      | Reached XP level 2. HP: 15/15 MP: 6/8
   469 | D:1      | Reached skill level 4 in Ice Magic
   923 | D:2      | Reached XP level 3. HP: 19/19 MP: 6/10
  1359 | D:2      | Reached XP level 4. HP: 11/24 MP: 8/12
  1973 | D:3      | Reached skill level 5 in Spellcasting
  2201 | D:3      | Found a white marble altar of Elyvilon.
  2378 | D:3      | Reached skill level 5 in Ice Magic
  2378 | D:3      | Reached XP level 5. HP: 25/28 MP: 11/14
  2687 | D:3      | Learned a level 2 spell: Throw Frost
  2795 | D:3      | Found an iron altar of Okawaru.
  3010 | D:3      | Noticed Grinder
  3199 | D:3      | Found a glowing golden altar of the Shining One.
  3777 | D:4      | Noticed Gargoyl's ghost (amateur DsAK)
  3797 | D:4      | Slain by Gargoyl's ghost

Action                   |  1- 3 |  4- 6 || total
-------------------------+-------+-------++-------
Melee: Dagger            |     3 |     3 ||     6
       Whip              |       |    19 ||    19
 Cast: Freeze            |    57 |   100 ||   157
       Throw Frost       |       |    10 ||    10
 Stab: Sleeping          |       |     2 ||     2
  Eat: Chunk             |     1 |     7 ||     8
